Unix NetHack Version 5.0.0-0 post-release - last build May  4 2026 22:22:43 (774f63e81ad911689b3a0859ea89b322d5daca8d,branch:main).

Game began 2026-05-05 13:36:10, ended 2026-05-05 18:05:09.

Barrb, neutral female human Barbarian

                            ----------
                            |........|
                            .........|        #%#*(#####
                            |.....$..|      ###  ------+-----
                            ---.----.-  #####    |..........|
                           `#############        |)[<c).....|
                                #              ##-)...[.....|
                                ######       ####|..........|
                                     ##      #   ------------
                                      @      #
                                      Y      #
                                            ##
                                            #
                             ---------------#
                             |$$$$$$$%$$....#
                             | $$$$..$$$$..|
                             |.............|
                             ------#--------

Barrb the Bandit           St:17 Dx:17 Co:18 In:8 Wi:9 Ch:7  Neutral
Dlvl:7  $:0  HP:0(108) Pw:15(15) AC:5  Xp:9 T:15893  Fainted  Deaf

Latest messages:
 You can see again.
 The mountain nymph stole an uncursed blindfold.
 The mountain nymph vanishes!
 You hear a distant zap.
 You hear something crash through the ground.
 You hear some noises in the distance.
 The yeti hits!
 The yeti hits again!
 The yeti bites!
 You smite the yeti.
 The yeti hits!
 The yeti hits again!
 The yeti bites!
 You smite the yeti.
 The yeti hits!
 The yeti hits again!
 The yeti bites!
 The yeti hits!
 The yeti hits again!
 The yeti bites!
 You smite the yeti.
 The yeti hits!
 The yeti hits again!
 The yeti bites!
 You smite the yeti.
 The yeti hits!
 The yeti hits again!
 The yeti bites!
 You smite the yeti.
 The yeti hits!
 The yeti hits again!
 The yeti bites!
 You smite the yeti.
 The yeti hits!
 The yeti hits again!
 The yeti bites!
 The yeti hits!
 The yeti hits again!
 The yeti bites!
 You smite the yeti.
 The yeti hits!
 The yeti hits again!
 The yeti bites!
 You faint from lack of food.
 The yeti hits!
 The yeti hits again!
 The yeti bites!
 The yeti hits!
 You die...
 Do you want your possessions identified? [ynq] (y) q

Inventory:
 Weapons  (')')
  q - 16 +0 darts (at the ready)
 Armor    ('[')
  O - an uncursed +0 pair of leather gloves
  U - a blessed +0 dwarvish cloak (being worn)
  P - an uncursed +0 elven cloak
  G - an uncursed +0 elven mithril-coat (being worn)
 Comestibles  ('%')
  Z - an uncursed lizard corpse
 Scrolls  ('?')
  v - 2 uncursed scrolls of confuse monster
  J - an uncursed scroll of destroy armor
  D - an uncursed scroll of earth
  t - 2 uncursed scrolls of enchant armor
  H - 2 uncursed scrolls of enchant weapon
  S - an uncursed scroll of identify
  o - an uncursed scroll of light
  k - 2 uncursed scrolls of remove curse
  i - 2 uncursed scrolls of teleportation
 Potions  ('!')
  n - a cursed potion of invisibility
  E - an uncursed potion of oil
 Rings    ('=')
  T - an uncursed ring of cold resistance
  B - a blessed +1 ring of increase accuracy (on right hand)
  e - an uncursed ring of polymorph control (on left hand)
 Wands    ('/')
  z - a wand of cancellation (0:6)
  g - a cursed wand of create monster (0:11)
  M - a wand of fire (0:4)
  R - a wand of light (0:11)
  l - a wand of lightning (0:0)
  X - a wand of lightning (0:0)
  L - a wand of magic missile (0:5)
  F - a wand of magic missile (0:4)
  d - a wand of make invisible (0:4)
 Tools    ('(')
  w - an uncursed sack containing 11 items
  x - a cursed bag of tricks (0:0)
  h - a cursed blindfold
  A - an uncursed oil lamp
  y - an uncursed skeleton key
  j - an uncursed tin whistle
 Gems/Stones  ('*')
  Y - an uncursed worthless piece of blue glass
  a - 3 uncursed worthless pieces of green glass
  f - 2 uncursed worthless pieces of red glass
  r - an uncursed luckstone

Contents of the sack:
  5637 gold pieces
  48 +0 arrows
  2 uncursed scrolls of blank paper
  an uncursed scroll of identify
  9 uncursed potions of water
  a blessed potion of object detection
  an uncursed potion of oil
  a wand of death (0:7)
  5 uncursed tallow candles
  a cursed magic marker (0:85)
  a magic marker (0:69)

Barrb the Barbarian's attributes:

Background:
 You were a Bandit, a level 9 female human Barbarian.
 You were neutral, on a mission for Crom
 who was opposed by Mitra (lawful) and Set (chaotic).
 You were right-handed.
 You were in the Dungeons of Doom, on level 7.
 You entered the dungeon 15893 turns ago.
 You had 4988 experience points, 132 more were needed to attain level 10.

Basics:
 You had 0 out of 108 hit points.
 You had all 15 energy points (spell power).
 Your armor class was 5.
 Your wallet was empty, but
 you had 5637 zorkmids stashed away in your pack.
 Autopickup was off.

Final Characteristics:
 Your strength was 17 (base:18, peak:18/02, limit:18/100).
 Your dexterity was 17 (limit:18).
 Your constitution was 18 (limit:18).
 Your intelligence was 8 (limit:18).
 Your wisdom was 9 (limit:18).
 Your charisma was 7 (limit:18).

Final Status:
 You were deaf.
 You were fainted due to starvation.
 You were unencumbered.
 You were bare handed.
 You had basic skill with bare handed combat.

Final Attributes:
 You were piously aligned.
 You were fire resistant.
 Your items were somewhat protected from fire.
 You were cold resistant.
 Your items were somewhat protected from cold.
 You were sleep resistant.
 You were poison resistant.
 You were telepathic.
 You had a small bonus to hit (+1).
 You were guarded.
 You had polymorph control.
 You were fast.
 You were lucky.
 You had extra luck.
 Bad luck did not time out for you.
 Good luck did not time out for you.
 You are dead.

Miscellaneous:
 You encountered 1 bones level.
 Total elapsed playing time was 3 hours, 34 minutes and 34 seconds.

Major events:
 Turn
    1: Barrb the neutral female human Barbarian entered the dungeon
  382: attained the rank of Pillager (level 3)
  406: entered the Gnomish Mines
  661: read a Discworld novel
 2792: attained the rank of Bandit (level 6)
 4635: reached Mine Town
 9487: acquired the Mines' End luckstone
15893: killed by a yeti, while fainted from lack of food

You didn't know any spells.

Skills:
 Fighting Skills
   bare handed combat [Basic]
   two weapon combat  [Unskilled]
   riding             [Unskilled]
 Weapon Skills
   dagger             [Unskilled]
   axe                [Expert]
   pick-axe           [Basic]
   short sword        [Skilled]
   broadsword         [Unskilled]
   long sword         [Unskilled]
   two-handed sword   [Unskilled]
   saber              [Unskilled]
   club               [Unskilled]
   mace               [Unskilled]
   morning star       [Unskilled]
   flail              [Unskilled]
   hammer             [Unskilled]
   quarterstaff       [Unskilled]
   spear              [Unskilled]
   trident            [Unskilled]
   bow                [Unskilled]
 Spellcasting Skills
   attack spells      [Unskilled]
   escape spells      [Unskilled]

Voluntary challenges:
 Character rerolling was not enabled.
 You never genocided any monsters.
 You never polymorphed an object.
 You used no wishes.
Achievements:
 You attained the rank of Pillager.
 You entered the Gnomish Mines.
 You entered a shop.
 You read from a Discworld novel.
 You attained the rank of Bandit.
 You entered Minetown.
 You entered a temple.
 You completed the Gnomish Mines.

 The Dungeons of Doom: levels 1 to 7
    Level 1:
       A fountain, a sink.
    Level 2:
       A sink.
       Stairs down to The Gnomish Mines.
    Level 3:
       A scroll shop, a fountain.
    Level 4:
       An altar.
    Level 5:
       A fountain.
    Level 6:
       A weapon shop, a fountain.
    Level 7: <- You were here.
       Final resting place for
          you, killed by a yeti, while fainted from lack of food.
 The Gnomish Mines: levels 3 to 10
    Level 3:
    Level 4:
    Level 5:
       A grave.
       Final resting place for
          Yomka-Tou-Hum-Fem-Neu, killed by a gnome king.
    Level 6:
       Many shops, a temple and an altar to Crom, some fountains.
    Level 7:
    Level 8:
    Level 9:
    Level 10:


Vanquished creatures:
  a ghost
  a fire vortex
  3 wargs
  a small mimic
  2 wood golems
  a large dog
  a tiger
  2 gargoyles
  a tengu
  2 leocrottas
  a red naga
  a wraith
  a leather golem
  a soldier
  a watchman
  a chameleon
  a crocodile
  a quivering blob
  a cockatrice
  6 wolves
  5 winter wolf cubs
  2 leprechauns
  2 iron piercers
  a horse
  a black light
  2 gnome rulers
  2 ogres
 an owlbear
  a yeti
  2 Green-elves
  6 lizards
  a chickatrice
  3 jaguars
  a dwarf leader
  a white unicorn
  a black unicorn
  2 ravens
  3 snakes
  3 apes
  2 human zombies
  4 Woodland-elves
  3 soldier ants
  a fire ant
  2 bugbears
  3 quasits
  3 water nymphs
  3 mountain nymphs
  3 Uruk-hai
 an orc shaman
  3 rock piercers
  a rock mole
  2 ponies
  3 fog clouds
  2 yellow lights
  a shrieker
  a violet fungus
 16 gnome leaders
  5 gnomish wizards
  3 kobold mummies
  3 gray oozes
  a barrow wight
  4 elf zombies
  a ghoul
  2 paper golems
  3 giant ants
  2 little dogs
  6 floating eyes
  4 kittens
 20 dwarves
  7 homunculi
  3 kobold leaders
  2 kobold shamans
 11 hill orcs
  7 rothes
  a centipede
  2 giant bats
  a monkey
 an orc zombie
  a dwarf zombie
  a wererat
  a werejackal
  9 iguanas
  2 killer bees
  3 acid blobs
  a gas spore
  7 hobbits
  2 manes
  a large kobold
  a hobgoblin
 10 giant rats
  a cave spider
  2 brown molds
  a yellow mold
  a red mold
 59 gnomes
  4 garter snakes
  9 geckos
  5 jackals
  3 foxes
  a kobold
  4 goblins
  2 sewer rats
  8 grid bugs
  3 bats
  5 lichens
  2 kobold zombies
  7 newts
369 creatures vanquished.

No species were genocided or became extinct.

Game over:
                       ----------
                      /          \
                     /    REST    \
                    /      IN      \
                   /     PEACE      \
                  /                  \
                  |      Barrb       |
                  |     5637 Au      |
                  | killed by a yeti |
                  |                  |
                  |                  |
                  |                  |
                  |       2026       |
                 *|     *  *  *      | *
        _________)/\\_//(\/(/\)/\//\/|_)_______

Goodbye Barrb the Barbarian...

You died in The Dungeons of Doom on dungeon level 7 with 25646 points,
and 5637 pieces of gold, after 15893 moves.
You were level 9 with a maximum of 108 hit points when you died.

